 Dungeon Crawl Stone Soup version 0.16-a0-262-g6fc725f (console) character file.

18 Kellhus the Magician (level 2, -2/17 HPs)
             Began as an Octopode Wizard on Aug 25, 2014.
             Slain by an ooze (4 damage)
             ... on Level 2 of the Dungeon.
             The game lasted 00:01:44 (1270 turns).

Kellhus the Magician (Octopode Wizard)              Turns: 1270, Time: 00:01:45

HP  -2/17        AC  1     Str  6      XL: 2   Next: 66%
MP   1/6         EV 12     Int 20      God:
Gold 11          SH  0     Dex 10      Spells:  1 memorised,  6 levels left

rFire  . . .     SeeInvis .     (no weapon)
rCold  . . .     Clarity  .     (no shield)
rNeg   . . .     rCorr    .     b - +0 hat
rPois  +         rRot     .     (no amulet)
rElec  .         Spirit   .     a - ring of poison resistance
SustAb .         Warding  .     (no ring)
rMut   .         Stasis   .     (no ring)
Gourm  .                        (no ring)
MR     .....                    (no ring)
                                (no ring)
                                (no ring)
                                (no ring)

@: not resistant to hostile enchantments, fairly stealthy
A: almost no armour, amphibious, 8 rings, constrict 8, camouflage 1, gelatinous
body 1
a: no special abilities


You were on level 2 of the Dungeon.
You were hungry.

You visited 1 branch of the dungeon, and saw 2 of its levels.

You collected 11 gold pieces.

Inventory:

Armour
 b - a +0 hat (worn)
Comestibles
 d - a bread ration
 f - 2 meat rations
 g - 2 slices of pizza
Scrolls
 e - a scroll of identify {unknown}
 i - a scroll of magic mapping {unknown}
 k - a scroll of fear {unknown}
 l - a scroll of random uselessness {unknown}
 n - a scroll of amnesia {unknown}
 p - a scroll of enchant weapon {unknown}
 q - a scroll of remove curse {unknown}
Jewellery
 a - a ring of poison resistance (left tentacle)
Potions
 h - a potion of confusion {unknown}
 j - a potion of cancellation {unknown}
 m - a potion of magic {unknown}
 o - a potion of cure mutation {unknown}
Books
 c - a book of Minor Magic

   Spells                             Type                      Level
   *Magic Dart                        Conjuration                  1
   Blink                              Translocation                2
   Call Imp                           Summoning                    2
   Repel Missiles                     Charms/Air                   2
   Slow                               Hexes                        2
   Conjure Flame                      Conjuration/Fire             3
   Mephitic Cloud                     Conjuration/Poison/Air       3


   Skills:
 - Level 2.0 Dodging
 - Level 2.6 Stealth
 - Level 3.0 Spellcasting
 + Level 2.5 Conjurations
   Level 1.0 Summonings
   Level 1.0 Translocations


You had 6 spell levels left.
You knew the following spells:

 Your Spells              Type           Power        Failure   Level  Hunger
a - Magic Dart            Conj           ##..         6%          1    None


Dungeon Overview and Level Annotations

Branches:
Dungeon (2/15)

Altars:
Elyvilon

Annotations:
D:1 Terence


Innate Abilities, Weirdness & Mutations

You cannot wear most types of armour.
You are amphibious.
You can wear up to eight rings at the same time.
You can use your tentacles to constrict many enemies at once.
Your skin changes colour to match your surroundings (Stealth).
Your rubbery body absorbs attacks (AC +1).


Message History

The ooze is lightly wounded.
The ooze closely misses you.
Casting: Magic Dart
Confirm with . or Enter, or press ? or * to list all spells.
Aiming: Magic Dart
Press: ? - help, Shift-Dir - straight line, f/p - ooze
Aim: an ooze (lightly wounded)
The magic dart hits the ooze.
The ooze is lightly wounded.
The ooze hits you.
* * * LOW HITPOINT WARNING * * *
Casting: Magic Dart
Confirm with . or Enter, or press ? or * to list all spells.
Aiming: Magic Dart
Press: ? - help, Shift-Dir - straight line, f/p - ooze
Aim: an ooze (lightly wounded)
The magic dart hits the ooze.
The ooze is moderately wounded.
The goblin closely misses you. The ooze hits you.
You die...

. ...##########..
..............###
.......J@........
........g...#####
......#........
###<..#......##
#.. #>....... #..
#....... #.
....... . #.....
#..


You could see an ooze and a goblin.

Vanquished Creatures
  2 oozes (D:1)
  2 bats (D:1)
  A giant cockroach (D:1)
  A hobgoblin (D:1)
  2 goblins
  5 kobolds
  4 rats (D:1)
17 creatures vanquished.

Notes
Turn   | Place    | Note
--------------------------------------------------------------
     0 | D:1      | Kellhus, the Octopode Wizard, began the quest for the Orb.
     0 | D:1      | Reached XP level 1. HP: 11/11 MP: 4/4
   557 | D:1      | Reached XP level 2. HP: 17/17 MP: 3/6
  1162 | D:2      | Found a white marble altar of Elyvilon.
  1162 | D:2      | Noticed Terence
  1270 | D:2      | Slain by an ooze

Action                   || total
-------------------------++-------
Melee: Unarmed           ||    22
 Cast: Magic Dart        ||    53
